 Dungeon Crawl Stone Soup version 0.22-a0-570-g58866f5d57 (webtiles) character file.

278 Gynju the Shield-Bearer (level 6, 0/56 HPs)
             Began as a Minotaur Fighter on June 30, 2018.
             Slain by an adder (2 damage)
             ... on level 4 of the Dungeon.
             The game lasted 00:02:51 (2515 turns).

Gynju the Shield-Bearer (Minotaur Fighter)          Turns: 2515, Time: 00:02:52

Health: 0/56       AC:  8    Str: 28    XL:     6   Next: 5%
Magic:  5/5        EV:  8    Int:  5    God:
Gold:   68         SH: 10    Dex:  9    Spells: 5/5 levels left

rFire    . . .     SeeInvis .   a - +0 war axe
rCold    . . .     Gourm    .   c - +0 shield
rNeg     . . .     Faith    .   b - +0 scale mail
rPois    .         Spirit   .   (helmet restricted)
rElec    .         Reflect  .   x - +0 cloak
rCorr    .         Harm     .   (no gloves)
MR       .....                  (no boots)
Stlth    ..........             (no amulet)
HPRegen  0.18/turn              (no ring)
MPRegen  0.09/turn              (no ring)

@: mighty, lethally poisoned (0 -> 0)
A: retaliatory headbutt, horns 2
a: no special abilities


You were on level 4 of the Dungeon.
You were not hungry.

You visited 1 branch of the dungeon, and saw 4 of its levels.

You collected 68 gold pieces.

Inventory:

Hand Weapons
 a - a +0 war axe (weapon)
Armour
 b - a +0 scale mail (worn)
 c - a +0 shield (worn)
 x - a +0 cloak (worn)
Scrolls
 i - a scroll of random uselessness {unknown}
 k - 2 scrolls of fog {unknown}
 m - 8 scrolls of identify {unknown}
 o - a scroll of noise {unknown}
 p - 4 scrolls of remove curse {unknown}
 q - a scroll of amnesia {unknown}
 r - a scroll of immolation {unknown}
 t - a scroll of magic mapping {unknown}
 v - a scroll of fear {unknown}
 y - a scroll of enchant weapon {unknown}
 z - a scroll of teleportation {unknown}
Potions
 e - 2 potions of magic {unknown}
 h - a potion of cancellation {unknown}
 j - 4 potions of haste {unknown}
 l - a potion of resistance {unknown}
 n - a potion of mutation {unknown}
 s - a potion of berserk rage {unknown}
 u - a potion of heal wounds {unknown}
 w - a potion of curing {unknown}
Comestibles
 f - 3 rations
 g - 3 chunks of flesh


   Skills:
 + Level 5.1 Fighting
 + Level 4.3 Axes
 + Level 5.1 Armour
 + Level 5.1 Shields


You had 5 spell levels left.
You didn't know any spells.
Your spell library was empty.

Dungeon Overview and Level Annotations

Branches:
Dungeon (4/15)
 Temple: D:4-7

Altars:
Fedhas
Kikubaaqudgha
Sif Muna
Trog

Annotations:
D:3 2 transporters


Innate Abilities, Weirdness & Mutations

You reflexively headbutt those who attack you in melee.
You have a pair of horns on your head.


Message History

* * * LOW HITPOINT WARNING * * *
Quiver which item? (- for none, * to show all) (? for menu, Esc to quit)
Okay, then.
You feel very mighty all of a sudden. You block the orc's attack.
You block the adder's attack.
You barely miss the adder.
The adder is severely wounded.
You closely miss the orc. You hit the orc warrior.
You feel sick. The adder bites you but does no damage.
You block the orc warrior's attack. The orc barely misses you.
The adder barely misses you.
The orc wizard casts a spell.
The orc wizard seems to speed up.
The orc barely misses you. You furiously retaliate!
You headbutt the orc!
You kill the orc!
You closely miss the adder. Your headbutt misses the adder.
The adder is severely wounded.
You barely miss the orc warrior. The orc warrior hits you with a glaive.
* * * LOW HITPOINT WARNING * * *
The adder bites you.
You die...

.###... #
.....###.# #.#.....
# #...... #
##.####..#.###.#
.............#.###.
#.....!...........
######S†#.........
#@###....###
#oo#.#.### #(<.##.#
#...# .# #...# .#
#...# .# #...# .#
#...# .# #...#


You could see an orc warrior, an orc wizard and an adder.

Vanquished Creatures
  2 orc wizards (D:3)
  Crazy Yiuf (D:2)
  Jessica (D:2)
  10 adders
  2 worms (D:2)
  2 dart slugs
  2 leopard geckos
  7 orcs
  2 giant cockroaches (D:3)
  7 goblins
  3 hobgoblins
  8 jackals
  7 kobolds
  2 ball pythons (D:3)
  4 bats
  3 frilled lizards
  7 rats
70 creatures vanquished.

Notes
Turn   | Place    | Note
-------+----------+-------------------------------------------
     0 | D:1      | Gynju the Minotaur Fighter began the quest for the Orb.
     0 | D:1      | Reached XP level 1. HP: 19/19 MP: 0/0
    71 | D:1      | Reached XP level 2. HP: 26/27 MP: 1/1
   406 | D:2      | Reached XP level 3. HP: 30/33 MP: 2/2
   766 | D:2      | Noticed Jessica
   780 | D:2      | Killed Jessica
   780 | D:2      | Reached XP level 4. HP: 7/41 MP: 3/3
  1523 | D:2      | Found a runed door.
  1527 | D:2      | Noticed Crazy Yiuf
  1530 | D:2      | Killed Crazy Yiuf
  1530 | D:2      | Reached XP level 5. HP: 47/47 MP: 4/4
  1750 | D:3      | Reached skill level 5 in Shields
  1752 | D:3      | Reached skill level 5 in Armour
  1909 | D:3      | Reached skill level 5 in Fighting
  1924 | D:3      | Found a bloodstained altar of Trog.
  1924 | D:3      | Found a deep blue altar of Sif Muna.
  1925 | D:3      | Found a blossoming altar of Fedhas.
  1979 | D:3      | Found an ancient bone altar of Kikubaaqudgha.
  2069 | D:3      | Found a transporter.
  2119 | D:3      | Found a transporter.
  2498 | D:4      | Noticed an orc warrior
  2512 | D:4      | Reached XP level 6. HP: 14/56 MP: 5/5
  2515 | D:4      | HP: 2/56 [orc warrior/glaive (6)]
  2515 | D:4      | Slain by an adder

Vault maps used:
D:1:      minmay_arrival_five_plusses
D:2:      uniq_crazy_yiuf_cottage, uniq_jessica
D:3:      gammafunk_steamed_eel, overflow_temple_1_default,
          gammafunk_temple_overflow_claw
D:4:      serial_shops, kennysheep_mini, ebering_ghost_sewer_d

Skill      XL: |  1  2  3  4  5 |
---------------+----------------+-----
Armour         | 4 5 |  5.1
Shields        | 4 5 |  5.1
Fighting       | 4 5 |  5.1
Axes           | 3 4 |  4.3

Action                   |  1- 3 |  4- 6 || total
-------------------------+-------+-------++-------
Melee: War axe           |    85 |   112 ||   197
       Headbutt          |    12 |    18 ||    30
  Use: Potion            |       |     1 ||     1
  Eat: Chunk             |       |     5 ||     5
Armor: Scale mail        |    39 |    58 ||    97
Dodge: Dodged            |    28 |    34 ||    62
Block: Shield            |    51 |    62 ||   113

Table legend:
 A = Spawn XP
 B = Non-spawn XP
 C = Spawn XP percentage of total XP
 D = Spawn monster count
 E = Non-spawn monster count
 F = Spawn count percentage of total count
 G = Total turns spent on level
                    A         B        C        D         E        F      G
               +---------+---------+-------+---------+---------+-------+---------
         Total |       0 |     398 |   0.0 |       0 |      70 |   0.0 |  2515
               +---------+---------+-------+---------+---------+-------+---------
           D:1 |       0 |      29 |   0.0 |       0 |      16 |   0.0 |   368
           D:2 |       0 |     169 |   0.0 |       0 |      19 |   0.0 |  1232
           D:3 |       0 |     180 |   0.0 |       0 |      32 |   0.0 |   893
           D:4 |       0 |      20 |   0.0 |       0 |       3 |   0.0 |    22
               +---------+---------+-------+---------+---------+-------+---------
